 Dungeon Crawl Stone Soup version 0.17.0-28-g6e173f8 (webtiles) character file.

137 GeneralIdiocy the Skirmisher (level 5, 44/44 HPs)
             Began as a Demonspawn Gladiator on Dec 1, 2015.
             Quit the game on level 3 of the Dungeon.
             The game lasted 00:03:47 (2577 turns).

GeneralIdiocy the Skirmisher (Demonspawn Gladiator) Turns: 2577, Time: 00:03:47

Health: 44/44      AC:  9    Str: 16    XL:     5   Next: 0%
Magic:  5/5        EV: 11    Int: 10    God:
Gold:   104        SH:  0    Dex: 13    Spells: 0 memorised, 4 levels left

rFire  . . .     SeeInvis .     a - +0 long sword
rCold  . . .     Clarity  .     o - +0 ring mail
rNeg   . . .     SustAt   .     (no shield)
rPois  .         Gourm    .     c - +0 helmet
rElec  .         Spirit   .     p - +0 cloak
rCorr  .         Warding  .     (no gloves)
rMut   +         Stasis   .     (no boots)
MR     .....                    r - amulet of resist mutation
Stlth  +.........               (no ring)
                                (no ring)

@: not resistant to hostile enchantments, very unstealthy
A: slimy green scales 1, spiny 1, rot immunity
a: no special abilities


You were on level 3 of the Dungeon.
You were hungry.

You visited 1 branch of the dungeon, and saw 3 of its levels.

You collected 104 gold pieces.

Inventory:

Hand Weapons
 a - a +0 long sword (weapon)
Missiles
 d - 2 throwing nets (quivered)
Armour
 b - a +0 leather armour
 c - a +0 helmet (worn)
 o - a +0 ring mail (worn)
 p - a +0 cloak (worn)
Jewellery
 r - an amulet of resist mutation (around neck)
Scrolls
 g - a scroll of identify {unknown}
 h - 2 scrolls of blinking {unknown}
 i - 4 scrolls of remove curse {unknown}
 l - 2 scrolls of recharging {unknown}
Potions
 f - a potion of degeneration {unknown}
 k - 2 potions of brilliance {unknown}
 m - a potion of heal wounds {unknown}
 s - a potion of flight {unknown}
Comestibles
 e - 3 bread rations
 j - a beef jerky
 n - 2 meat rations
 q - a slice of pizza


   Skills:
 + Level 5.2 Fighting
 - Level 2.6 Long Blades
 - Level 1.7 Throwing
 - Level 2.6 Dodging


You had 4 spell levels left.
You didn't know any spells.

Dungeon Overview and Level Annotations

Branches:
Dungeon (3/15)

Altars:
Kikubaaqudgha
Qazlal

Annotations:
D:3 mythicalmythos's ghost, amateur DrCj


Innate Abilities, Weirdness & Mutations

You are partially covered in slimy green scales (AC +2).
You are partially covered in sharp spines.
You are immune to rotting.


Message History

Level annotation: mythicalmythos's ghost, amateur DrCj A kobold comes into view.
The kobold shouts!
The kobold closely misses you.
There is a stone staircase leading up, spattered with blood here.
You slash the kobold!
You kill the kobold!
The orc shouts!
You hit the orc.
The orc is moderately wounded.
The orc hits you but does no damage.
You completely miss the orc.
The orc is moderately wounded.
The orc barely misses you. The orc closely misses you.
You hit the orc.
You kill the orc!
You have reached level 5!
Your demonic ancestry asserts itself...
Sharp spines emerge from parts of your body.
Are you sure you want to abandon this character and quit the game? (Confirm with "yes".)

########.#
........#
#.......####
#..........#
#..........
#..........
#..[...#
#..@...#
#......#
#......#
#.....<#
#....(.#
#...####
#...# .....#
......


There were no monsters in sight!

Vanquished Creatures
  7 adders (D:2)
  A worm (D:2)
  2 giant geckos
  4 orcs
  14 bats
  6 goblins
  6 hobgoblins
  6 jackals (D:2)
  4 kobolds
  A giant cockroach (D:1)
  4 giant newts (D:1)
  6 rats
61 creatures vanquished.

Vanquished Creatures (others)
  A kobold (D:3)
1 creature vanquished.

Grand Total: 62 creatures vanquished

Notes
Turn   | Place    | Note
--------------------------------------------------------------
     0 | D:1      | GeneralIdiocy the Demonspawn Gladiator began the quest for the Orb.
     0 | D:1      | Reached XP level 1. HP: 16/16 MP: 1/1
   288 | D:1      | Gained mutation: You are partially covered in slimy green scales (AC +2). [demonic ancestry]
   288 | D:1      | Reached XP level 2. HP: 21/23 MP: 2/2
   499 | D:1      | Reached skill level 3 in Fighting
  1160 | D:2      | Reached XP level 3. HP: 9/29 MP: 3/3
  1174 | D:2      | Reached skill level 4 in Fighting
  1499 | D:2      | Gained mutation: You are immune to rotting. [demonic ancestry]
  1499 | D:2      | Reached XP level 4. HP: 35/38 MP: 4/4
  1501 | D:2      | Found an ancient bone altar of Kikubaaqudgha.
  2028 | D:2      | Found a stormy altar of Qazlal.
  2057 | D:2      | Found a faded altar to an unknown god.
  2256 | D:2      | Reached skill level 5 in Fighting
  2333 | D:3      | Noticed mythicalmythos's ghost (amateur DrCj)
  2576 | D:3      | Gained mutation: You are partially covered in sharp spines. [demonic ancestry]
  2576 | D:3      | Reached XP level 5. HP: 44/44 MP: 5/5
  2577 | D:3      | Quit the game

Action                   |  1- 3 |  4- 6 || total
-------------------------+-------+-------++-------
Melee: Long sword        |   132 |   102 ||   234
Throw: Throwing net      |     3 |       ||     3
 Stab: Held in net/web   |     3 |       ||     3
  Eat: Chunk             |     2 |     3 ||     5
